 Dungeon Crawl Stone Soup version 0.30-a0-3-gc9032a9cac (webtiles) character file.

Game seed: 16241773162032121919

9 BritishOli the Trooper (level 2, 24/24 HPs)
             Began as a Demonspawn Fighter on Aug 20, 2022.
             Got out of the dungeon alive.
             The game lasted 00:00:21 (922 turns).

BritishOli the Trooper (Demonspawn Fighter)          Turns: 922, Time: 00:00:21

Health: 24/24      AC:  6    Str: 22    XL:     2   Next: 3%
Magic:  2/2        EV:  9    Int:  9    God:
Gold:   49         SH:  4    Dex: 12    Spells: 1/1 levels left

rFire   . . .      SeeInvis .    a - +0 long sword
rCold   . . .      Faith    .    c - +0 buckler
rNeg    . . .      Spirit   .    b - +0 scale mail
rPois   .          Reflect  .    (no helmet)
rElec   .          Harm     .    (no cloak)
rCorr   .          Rampage  .    (no gloves)
Will    .....                    (no boots)
Stlth   ..........               (no amulet)
HPRegen 0.08/turn                f - +6 ring of strength
MPRegen 0.16/turn                (no ring)

@: no status effects
A: magic regeneration
a: no special abilities


You escaped.
You visited 1 branch of the dungeon, and saw 2 of its levels.

You collected 49 gold pieces.

Inventory:

Hand Weapons
 a - a +0 long sword (weapon)
Armour
 b - a +0 scale mail (worn)
 c - a +0 buckler (worn)
Jewellery
 f - a +6 ring of strength (left hand)
 h - a ring of willpower
 i - an amulet of guardian spirit
 j - a ring of willpower
Scrolls
 e - a scroll of enchant armour {unknown}
 n - a scroll of immolation {unknown}
Potions
 d - a potion of might
 g - a potion of heal wounds {unknown}
 k - 2 potions of flight {unknown}
 l - a potion of mutation {unknown}
 m - a potion of cancellation {unknown}
 o - a potion of curing {unknown}


   Skills:
 + Level 3.1 Fighting
 + Level 2.0 Long Blades
 + Level 2.8 Armour
 + Level 2.8 Shields


You had one spell level left.
You didn't know any spells.
Your spell library contained the following spells:

 Spells                   Type           Power      Damage    Failure   Level
 Ensorcelled Hibernation  Hex/Ice        0%         N/A       91%         2
 Spider Form              Tmut/Pois      0%         N/A       99%         3
 Anguish                  Hex/Necr       0%         N/A       100%        4


Dungeon Overview and Level Annotations

Branches:
Dungeon (2/15)

Altars:


Innate Abilities, Weirdness & Mutations

You regenerate magic rapidly.


Message History

No target in view!
You see here 3 stones.
There is an open door here.
You open the door.
There is an open door here.
Done exploring.
No target in view!
Done exploring.
No target in view!
Done exploring.
No target in view!
Done exploring.
No target in view!
(D) Dungeon
Where to? (? - help)
There is an open door here.
There is a stone staircase leading down here.
You climb downwards.
The endoplasm quivers.
Found a hand axe.
There is a stone staircase leading up here.
An endoplasm is nearby!
An endoplasm is nearby!
An endoplasm is nearby!
You see here a +0 hand axe.
An endoplasm is nearby!
You hit the endoplasm.
You kill the endoplasm!
Your Long Blades skill increases to level 2!
You have reached level 2!
Your demonic ancestry asserts itself...
Your magic begins to regenerate rapidly.
(D) Dungeon
Where to? (Enter - D:2, ? - help)
There is a stone staircase leading up here.
You climb upwards.
There is a stone staircase leading down here.
There is a staircase leading out of the dungeon here.
Are you sure you want to leave the Dungeon?
This will make you lose the game!
You have escaped!

+## #..###### #######.......# #
..## #....##.###.#...#.#..##.###
...## ####.#..#...#.#...#..##.##.
....## #..#.##.###.#####..##.#..
.....####.##.#....#....##..##....
.....'..#......#..#.##..#........
.....###########..#..####.###....
....## #..#...#.###...#.####.#..
...## ##.#....@....#.##.....##.
..## #...###.#...#..#####...# '##
####..#..######## ##.###. .#
#..##.#..#......###.## ## .#
##....#....#.##.##.## #
.############.###.##.#..#..#
........#...#.#...#..#.###.## #
...####.#.#...#.###.##......## ##
....###...####### ######..##.###.


There were no monsters in sight!

Vanquished Creatures
  A dart slug (D:1)
  An endoplasm (D:2)
  A giant cockroach (D:1)
  A kobold (D:1)
  2 ball pythons (D:1)
  A bat (D:1)
7 creatures vanquished.

Notes
Turn   | Place    | Note
-------+----------+-------------------------------------------
     0 | D:1      | BritishOli the Demonspawn Fighter began the quest for the
                  | Orb.
     0 | D:1      | Reached XP level 1. HP: 18/18 MP: 1/1
   610 | D:1      | Found a faded altar of an unknown god.
   891 | D:2      | Gained mutation: You regenerate magic rapidly. [demonic
                  | ancestry]
   891 | D:2      | Reached XP level 2. HP: 24/24 MP: 2/2
   922 | D:$      | Got out of the dungeon alive.

Illustrated notes

Levels and vault maps discovered:
D:1:      psy_arrival_radial01, layout_loops_corners,
          ebering_ecumenical_altar_sacrificial, dreamdust_mushroom_princess
D:2:      cheibrodos_helix_gallery, layout_loops_ring, kennysheep_flooded_box,
          minmay_joined_circles

Skill      XL: |  1 |
---------------+----+-----
Long Blades    | 2 |  2.0
Fighting       | |  3.1
Armour         | |  2.8
Shields        | |  2.8

Action                   || total
-------------------------++-------
Melee: Long sword        ||    17
Armor: Scale mail        ||     8
Dodge: Dodged            ||     3
Block: Buckler           ||     2

Table legend: (Time is in decaauts)
 A = Elapsed time spent in this place.
 B = Non-inter-level travel time spent in this place.
 C = Inter-level travel time spent in this place.
 D = Time resting spent in this place.
 E = Time spent auto-exploring this place.
 F = Levels seen in this place.
 G = Mean time per level.
                   A        B        C        D        E       F      G
               +--------+--------+--------+--------+--------+-----+--------+
         Total |    927 |    889 |     38 |      0 |    826 |   2 |  463.5 |
       Dungeon |    927 |    889 |     38 |      0 |    826 |   2 |  463.5 |
               +--------+--------+--------+--------+--------+-----+--------+

Top non-repeatable levels by time:
     D:1: 920 daAuts
     D:2: 7 daAuts
